 Dungeon Crawl Stone Soup version 0.29-a0-834-g1e95ca9f62 (webtiles) character file.

Game seed: 7942900079392545164

2985 gobodom the Thaumaturge (level 10, -18/64 HPs)
             Began as a Djinni Fire Elementalist on July 13, 2022.
             Demolished by a two-headed ogre
             ... wielding a +0 giant spiked club
              (34 damage)
             ... on level 10 of the Dungeon.
             The game lasted 00:28:51 (10473 turns).

gobodom the Thaumaturge (Djinni Fire Elementalist) Turns: 10473, Time: 00:28:52

Health: -18/64     AC:  7    Str: 13    XL:     10   Next: 9%
Gold:   401        EV: 13    Int: 20    God:
                   SH:  5    Dex: 15

rFire   + + .      SeeInvis .   d - +3 spear (venom)
rCold   x . .      Faith    .   (no shield)
rNeg    . . .      Spirit   .   a - +1 robe
rPois   ∞          Reflect  +   k - +1 helmet
rElec   .          Harm     .   (no cloak)
rCorr   +          Rampage  .   (no gloves)
Will    +....                   (boots unavailable)
Stlth   +++.......              b - amulet of reflection
HPRegen 0.20/turn               w - +6 ring of strength
MPRegen 0.00/turn               o - ring of resist corrosion

@: flying
A: sickness immunity, fire resistance 2, cold vulnerability 1, float, innate
caster, HP casting, extra vitality 1, iridescent scales 1
a: no special abilities


You were on level 10 of the Dungeon.
You visited 1 branch of the dungeon, and saw 8 of its levels.

You collected 401 gold pieces.

Inventory:

Hand Weapons
 d - a +3 spear of venom (weapon)
 l - a +1 dagger of protection
 v - a +2 trident of chaos
 x - a +4 trident
Missiles
 g - 5 atropa-tipped darts
 y - a throwing net
Armour
 a - a +1 robe (worn)
 k - a +1 helmet (worn)
 q - the +9 chain mail of Rationality {rN+ Str+4}
   (You found it on level 6 of the Dungeon)

   Str:       It affects your strength (+4).
   rN:        It protects you from negative energy.
 u - a +1 hat
Jewellery
 b - an amulet of reflection (around neck)
 o - a ring of resist corrosion (right hand)
 w - a +6 ring of strength (left hand)
Wands
 t - a wand of mindburst (21)
 A - a wand of polymorph (4)
 D - a wand of iceblast (6)
 E - a wand of flame (11)
Scrolls
 h - 4 scrolls of teleportation
 m - a scroll of vulnerability
 r - a scroll of identify
 z - a scroll of immolation {unknown}
 B - a scroll of enchant weapon
 C - a scroll of amnesia {unknown}
Potions
 c - 6 potions of curing
 e - a potion of heal wounds
 f - 4 potions of might
 i - 2 potions of haste
 j - 2 potions of attraction
 n - a potion of brilliance
 p - a potion of mutation
 s - a potion of resistance


   Skills:
 + Level 2.1 Fighting
 + Level 1.3 Polearms
 + Level 4.0 Dodging
 + Level 4.2 Stealth
 + Level 1.7 Shields
 + Level 2.1 Unarmed Combat
 + Level 9.1 Spellcasting


You had 5 spell levels left.
You knew the following spells:

 Your Spells              Type           Power      Damage    Failure   Level
a - Foxfire               Conj/Fire      100%       2x1d9     1%          1
b - Scorch                Fire           90%        2d10      1%          2
c - Conjure Flame         Conj/Fire      45%        6-21      1%          3
d - Inner Flame           Hex/Fire       45%        N/A       1%          3
e - Flame Wave            Conj/Fire      45%        2d10      1%          4
f - Summon Small Mammal   Summ           100%       N/A       1%          1
g - Blink                 Tloc           90%        N/A       1%          2
h - Vampiric Draining     Necr           45%        2d9       1%          3
i - Dazzling Flash        Conj/Hex       90%        N/A       1%          3
Your spell library was empty.

Dungeon Overview and Level Annotations

Branches:
Dungeon (7/15)             Temple (0/1) D:7

Altars:
Ashenzari
Elyvilon
Fedhas
Makhleb
Ru
Trog
Uskayaw
The Shining One

Shops:
D:1 =*[   D:2 =   D:4 =


Innate Abilities, Weirdness & Mutations

You are immune to sickness and miasma.
You are immune to poison.
Your flesh is very heat resistant. (rF++)
You are vulnerable to cold. (rC-)
You float through the air rather than walking.
You learn spells naturally, not from books.
Your magical power is your life essence.
You have superior vitality. (+4 MHP)
You are partially covered in iridescent scales. (AC +2)


Message History

Your Dodging skill increases to level 4!
Things that are here:
a +0 shortbow; a centaur corpse
Things that are here:
a +0 shortbow; a centaur corpse
There is an open door here.
You reach down and open the door.
There is an open door here.
There is an open door here.
A two-headed ogre comes into view.
It is wielding two +0 giant spiked clubs.
You conjure some foxfire!
The two-headed ogre shouts in stereo!
The foxfire hits the two-headed ogre but does no damage. x2
You conjure some foxfire!
You conjure some foxfire!
The foxfire hits the two-headed ogre.
The two-headed ogre is lightly wounded.
The foxfire hits the two-headed ogre but does no damage.
The two-headed ogre is lightly wounded.
The two-headed ogre closely misses you.
The two-headed ogre hits you with a +0 giant spiked club!!
You conjure some foxfire!
The foxfire hits the two-headed ogre.
The two-headed ogre is lightly wounded.
The foxfire hits the two-headed ogre.
The two-headed ogre is moderately wounded.
Casting: Foxfire (safe; 1% risk of failure)
Confirm with . or Enter, or press ? or * to list all spells.
Aiming: Vampiric Draining (safe; 1% risk of failure)
Press: ? - help, Shift-Dir - straight line, f - two-headed ogre
Aim: a two-headed ogre, wielding two +0 giant spiked clubs (moderately wounded, ally target)
You draw life force from the two-headed ogre!
You feel life coursing into your body.
The foxfire hits the two-headed ogre but does no damage.
The two-headed ogre is heavily wounded.
The foxfire hits the two-headed ogre.
The two-headed ogre is heavily wounded.
The two-headed ogre hits you with a +0 giant spiked club!!
* * * LOW HITPOINT WARNING * * *
The two-headed ogre hits you with a +0 giant spiked club!!
Ouch! That really hurt!
You die...

.[.................#..#
...................#..#
..............#..#.#..#
........##+#.....#.#..#
....... #.......#..#
.#### #.#..##'#..#
+....#.....#
#.§§.#.....#
+.§@.#.##### #.§.O###
#...........
#.....#..##. #.##...
.... #. ..### ### #+
###


You could see a two-headed ogre.

Vanquished Creatures
  Prince Ribbit (D:5)
  Grinder (D:5)
  A steam dragon (D:10)
  Menkaure (D:7)
  A water moccasin (D:7)
  2 ice beasts
  An ogre (D:5)
  3 centaurs
  3 phantoms
  3 bullfrogs
  2 gnoll sergeants (D:7)
  7 scorpions
  2 jellies
  3 hounds
  3 orc priests
  A gnoll bouda (D:6)
  4 orc wizards
  20 gnolls
  10 adders
  2 white imps (D:6)
  2 worms
  3 dart slugs
  18 orcs
  7 bats
  9 endoplasms
  4 giant cockroaches (D:1)
  5 goblins
  11 hobgoblins
  2 jackals (D:4)
  10 kobolds
  4 quokkas
  4 ball pythons
  4 frilled lizards
  6 rats
160 creatures vanquished.

Vanquished Creatures (collateral kills)
  A rat (D:1)
1 creature vanquished.

Vanquished Creatures (others)
  805 foxfires
805 creatures vanquished.

Grand Total: 966 creatures vanquished

Notes
Turn   | Place    | Note
-------+----------+-------------------------------------------
     0 | D:1      | gobodom the Djinni Fire Elementalist began the quest for
                  | the Orb.
     0 | D:1      | gobodom set off with the following spells memorised:
                  | Foxfire, Scorch, Conjure Flame, Inner Flame, Flame Wave.
     0 | D:1      | Reached XP level 1. HP: 15/15 MP: 0/0
   288 | D:1      | Reached XP level 2. HP: 13/21 MP: 0/0
   401 | D:1      | Found Bili's General Store.
  1013 | D:1      | Reached skill level 3 in Spellcasting
  1200 | D:1      | Reached XP level 3. HP: 21/25 MP: 0/0
  1200 | D:1      | Learned a level 1 spell: Summon Small Mammal
  1510 | D:1      | Found Viricim's Antique Armour Shoppe.
  2021 | D:1      | Found Xojuomy's Jewellery Boutique.
  2836 | D:2      | Found Inoentag's One-of-a-Kind Rings.
  2853 | D:2      | Reached XP level 4. HP: 25/31 MP: 0/0
  3564 | D:3      | Found a broken altar of Ashenzari.
  3906 | D:3      | Reached XP level 5. HP: 28/36 MP: 0/0
  3906 | D:3      | Learned a level 2 spell: Blink
  4040 | D:3      | Found a burning altar of Makhleb.
  4164 | D:3      | Found a faded altar of an unknown god.
  4234 | D:3      | Reached skill level 1 in Unarmed Combat
  4743 | D:4      | Found a white marble altar of Elyvilon.
  4892 | D:4      | Noticed a phantom
  4901 | D:4      | Killed a phantom
  4902 | D:4      | Reached skill level 4 in Spellcasting
  4902 | D:4      | Reached XP level 6. HP: 32/41 MP: 0/0
  4997 | D:4      | Found Kykhlu's Jewellery Shop.
  5478 | D:4      | Found a bloodstained altar of Trog.
  5603 | D:4      | Reached XP level 7. HP: 43/46 MP: 0/0
  5603 | D:4      | Learned a level 3 spell: Vampiric Draining
  5954 | D:5      | Entered Level 5 of the Dungeon
  6040 | D:5      | Reached skill level 5 in Spellcasting
  6279 | D:5      | Reached skill level 1 in Shields
  6345 | D:5      | Reached skill level 1 in Fighting
  6461 | D:5      | Reached XP level 8. HP: 43/52 MP: 0/0
  6520 | D:5      | Noticed Grinder
  6526 | D:5      | Killed Grinder
  6527 | D:5      | Reached skill level 6 in Spellcasting
  6551 | D:5      | Found a sacrificial altar of Ru.
  6570 | D:5      | Noticed Prince Ribbit
  6589 | D:5      | Killed Prince Ribbit
  7415 | D:6      | Reached skill level 7 in Spellcasting
  7645 | D:6      | Reached XP level 9. HP: 49/58 MP: 0/0
  7645 | D:6      | Learned a level 3 spell: Dazzling Flash
  7804 | D:6      | Gained mutation: You are clumsy. (Dex -2) [potion of
                  | mutation]
  8044 | D:6      | Lost mutation: You are clumsy. (Dex -2) [potion of
                  | mutation]
  8044 | D:6      | Gained mutation: You are partially covered in iridescent
                  | scales. (AC +2) [potion of mutation]
  8297 | D:6      | Identified the +9 chain mail of Rationality {rN+ Str+4}
  8516 | D:7      | Reached skill level 1 in Polearms
  8744 | D:7      | Found a staircase to the Ecumenical Temple.
  9096 | D:7      | Reached skill level 8 in Spellcasting
  9858 | D:7      | Noticed Menkaure
  9861 | D:7      | Killed Menkaure
 10018 | D:7      | You are sucked into a shaft and drop 3 floors!
 10018 | D:10     | Entered Level 10 of the Dungeon
 10078 | D:10     | Found a hide-covered altar of Uskayaw.
 10078 | D:10     | Found a glowing golden altar of the Shining One.
 10078 | D:10     | Found a blossoming altar of Fedhas.
 10233 | D:10     | Reached skill level 9 in Spellcasting
 10233 | D:10     | Reached XP level 10. HP: 45/64 MP: 0/0
 10467 | D:10     | Noticed a two-headed ogre
 10473 | D:10     | Demolished by a two-headed ogre

Illustrated notes

Levels and vault maps discovered:
D:1:      shiori_arrival_oz, layout_basic, serial_shops, shop, shop,
          nicolae_shop_overgrown_old_shop
D:2:      layout_basic, nicolae_shop_unique_rings
D:3:      layout_loops_ring, mainiacjoe_overflow_24_doors, old_standard_altar,
          basic_ecumenical_altar
D:4:      layout_cave_pods, kennysheep_mini_moat, elyvilon_altar_5,
          serial_shops, nicolae_diamond_shop
D:5:      layout_rooms, nicolae_ru_path_of_blood, uniq_grinder,
          uniq_prince_ribbit1
D:6:      layout_basic, kennysheep_generic_room_9
D:7:      layout_layer_cave, zin_treasury, minmay_temple_entry_statues,
          uniq_menkaure
D:10:     layout_stronghold, gammafunk_temple_overflow_forgotten, minivault_23

Skill      XL: |  1  2  3  4  5  6  7  8  9 10 |
---------------+-------------------------------+-----
Spellcasting   | 3 4 5 7 9 |  9.1
Stealth        | 2 3 4 |  4.2
Unarmed Combat | 1 2 |  2.1
Dodging        | 3 4 |  4.0
Shields        | 1 |  1.7
Fighting       | 1 2 |  2.1
Polearms       | 1 |  1.3

Action                   |  1- 3 |  4- 6 |  7- 9 | 10-12 || total
-------------------------+-------+-------+-------+-------++-------
Melee: Unarmed           |    39 |    13 |     3 |       ||    55
       Punch             |       |     1 |       |       ||     1
       Trident           |       |       |     7 |       ||     7
       Spear             |       |       |     1 |     6 ||     7
 Cast: Foxfire           |   102 |   131 |   257 |    17 ||   507
       Summon Small Mamm |     2 |     2 |       |       ||     4
       Blink             |       |     1 |     1 |       ||     2
       Scorch            |       |     2 |     1 |       ||     3
       Vampiric Draining |       |       |    13 |     5 ||    18
       Inner Flame       |       |       |     1 |       ||     1
       Flame Wave        |       |       |     1 |       ||     1
  Use: Scroll            |       |     5 |    15 |       ||    20
       Potion            |       |       |     2 |       ||     2
Armor: Robe              |    11 |     2 |     9 |     8 ||    30
Dodge: Dodged            |    27 |     7 |    53 |    12 ||    99
Block: Other             |    12 |     7 |    10 |     5 ||    34
       Reflection        |       |     2 |       |       ||     2

Table legend: (Time is in decaauts)
 A = Elapsed time spent in this place.
 B = Non-inter-level travel time spent in this place.
 C = Inter-level travel time spent in this place.
 D = Time resting spent in this place.
 E = Time spent auto-exploring this place.
 F = Levels seen in this place.
 G = Mean time per level.
                   A        B        C        D        E       F      G
               +--------+--------+--------+--------+--------+-----+--------+
         Total |  10471 |  10293 |    178 |    456 |   8335 |   8 | 1308.9 |
       Dungeon |  10471 |  10293 |    178 |    456 |   8335 |   8 | 1308.9 |
               +--------+--------+--------+--------+--------+-----+--------+

Top non-repeatable levels by time:
     D:1: 2484 daAuts
     D:7: 1534 daAuts
     D:5: 1423 daAuts
     D:4: 1284 daAuts
     D:3: 1151 daAuts
     D:6: 1104 daAuts
     D:2: 1032 daAuts
    D:10: 455 daAuts
